 Dungeon Crawl Stone Soup version 0.30.0-30-g96aa6591b8 (webtiles) character file.

Game seed: 10949289075308217623

187 wingedge the Magician (level 5, -1/40 HPs)
             Began as a Demigod Wanderer on June 27, 2023.
             Slain by Robin
             ... wielding a +0 trident
              (3 damage)
             ... on level 4 of the Dungeon.
             The game lasted 00:06:53 (3661 turns).

wingedge the Magician (Demigod Wanderer)            Turns: 3661, Time: 00:06:53

Health: -1/40      AC:  7    Str: 15    XL:     5   Next: 15%
Magic:  1/13       EV: 11    Int: 22    God:
Gold:   238        SH:  0    Dex: 12    Spells: 6/11 levels left

rFire   . . .        a - +2 whip (venom)
rCold   . . .        (no shield)
rNeg    . . .        l - +3 robe "Qeweb" {Str+5}
rPois   .            (no helmet)
rElec   .            (no cloak)
rCorr   .            i - +0 pair of gloves
SInv    +            m - +0 pair of boots
Will    .....        (no amulet)
Stlth   ++           s - ring of see invisible
HPRegen 0.26/turn    (no ring)
MPRegen 0.13/turn

%: no passive effects
@: very slightly contaminated
A: high MP 1, forlorn, divine attributes
a: no special abilities


You were on level 4 of the Dungeon.
You visited 1 branch of the dungeon, and saw 4 of its levels.

You collected 238 gold pieces.

Inventory:

Hand Weapons
 a - a +2 whip of venom (weapon)
 g - a +0 dagger
 p - a +1 short sword of electrocution
 x - a +2 dagger of venom
 y - a +0 dagger of electrocution
Armour
 i - a +0 pair of gloves (worn)
 l - the +3 robe "Qeweb" (worn) {Str+5}
   (You found it on level 2 of the Dungeon)

   Str:       It affects your strength (+5).
 m - a +0 pair of boots (worn)
Jewellery
 e - a ring of ice
 s - a ring of see invisible (left hand)
Scrolls
 c - 2 scrolls of fog
 d - a scroll of teleportation
 j - a scroll of enchant armour
 k - 5 scrolls of amnesia
 n - a scroll of summoning
 r - a scroll of magic mapping {unknown}
 t - a scroll of fear {unknown}
 w - a scroll of enchant weapon {unknown}
Potions
 b - a potion of haste
 f - a potion of lignification
 h - 2 potions of cancellation
 o - a potion of resistance {unknown}
 q - a potion of heal wounds {unknown}
 u - 2 potions of attraction {unknown}
 v - a potion of curing {unknown}


   Skills:
 - Level 1.0 Fighting
 - Level 2.6 Armour
 - Level 1.0 Stealth
 + Level 3.6 Spellcasting
 - Level 3.0 Conjurations
 - Level 2.6 Transmutations


You had 6 spell levels left.
You knew the following spells:

 Your Spells              Type           Power      Damage    Failure   Level
a - Magic Dart            Conj           68%        1d6       3%          1
b - Sting                 Tmut/Pois      36%        1d4       7%          1
c - Stone Arrow           Conj/Erth      20%        3d8       19%         3

Your spell library contained the following spells:

 Spells                   Type           Power      Damage    Failure   Level
 Passwall                 Tmut/Erth      7%         N/A       11%         2
 Spider Form              Tmut/Pois      9%         N/A       21%         3
 Chain Lightning          Conj/Air       5%         3d6       100%        9
 Fire Storm               Conj/Fire      5%         8d1       100%        9
 Shatter                  Erth           1%         3d6*      100%        9


Dungeon Overview and Level Annotations

Branches:
Dungeon (4/15)
 Temple: D:4-7

Annotations:
D:4 Robin


Innate Abilities, Weirdness & Mutations

You have an increased reservoir of magic. (+10% MP)
You shall have no god before yourself.
Your divine heritage dramatically boosts your attributes as you level up.


Message History

Confirm with . or Enter, or press ? or * to list all spells.
The spell is quite dangerous to miscast (19% risk of failure)!
Continue anyway?
Aiming: Stone Arrow (quite dangerous; 19% risk of failure)
Press: ? - help, Shift-Dir - straight line, f - Robin
Aim: Robin, wielding a +0 trident, wearing a +0 animal skin and wearing a +0 helmet (77% to hit)
The stone arrow misses the hobgoblin.
The stone arrow hits Robin!
Robin is severely wounded.
The hobgoblin completely misses you. Robin misses you.
Casting: Stone Arrow (quite dangerous; 19% risk of failure)
Confirm with . or Enter, or press ? or * to list all spells.
The spell is quite dangerous to miscast (19% risk of failure)!
Continue anyway?
Aiming: Stone Arrow (quite dangerous; 19% risk of failure)
Press: ? - help, Shift-Dir - straight line, f/p - Robin
Aim: Robin, wielding a +0 trident, wearing a +0 animal skin and wearing a +0 helmet (severely wounded, 77% to hit)
The stone arrow hits the hobgoblin!
You kill the hobgoblin!
Robin hits you from afar with a +0 trident!
* * * LOW HITPOINT WARNING * * *
Casting: Stone Arrow (quite dangerous; 19% risk of failure)
Confirm with . or Enter, or press ? or * to list all spells.
The spell is quite dangerous to miscast (19% risk of failure)!
Continue anyway?
Aiming: Stone Arrow (quite dangerous; 19% risk of failure)
Press: ? - help, Shift-Dir - straight line, f/p - Robin
Aim: Robin, wielding a +0 trident, wearing a +0 animal skin and wearing a +0 helmet (severely wounded, 77% to hit)
You miscast Stone Arrow.
You are very lightly contaminated with residual magic.
The air around you crackles with energy!
* * * LOW HITPOINT WARNING * * *
A hobgoblin comes into view.
Robin hits you but does no damage.
Casting: Stone Arrow (quite dangerous; 19% risk of failure)
Confirm with . or Enter, or press ? or * to list all spells.
The spell is quite dangerous to miscast (19% risk of failure)!
Continue anyway?
Aiming: Stone Arrow (quite dangerous; 19% risk of failure)
Press: ? - help, Shift-Dir - straight line, f/p - Robin
Aim: Robin, wielding a +0 trident, wearing a +0 animal skin and wearing a +0 helmet (severely wounded, 77% to hit)
You miscast Stone Arrow.
Nothing appears to happen.
The hobgoblin barely misses you.
Robin hits you from afar with a +0 trident.
You die...

...... .#.#. ..
##.#..##...#. .##.
.#....#....... .....
.............. ....
........#..... ...
##.........# #.####.#
........#.# #......#
.....#.#..######)gg#
.....#..........@#.#
.###.............#g.#
.# ##.>..........##.#
.# #......##..### g#
## ##..##.#..## ..
######..##...## #.
...#....##.#### g
##............######
......###...........


You could see Robin and a hobgoblin (strong).

Vanquished Creatures
  An iguana (D:3)
  An orc wizard (D:4)
  5 adders
  A worm (D:3)
  3 dart slugs (D:1)
  4 orcs
  11 ball pythons
  5 endoplasms
  6 giant cockroaches
  4 goblins
  18 hobgoblins
  2 quokkas
  3 bats
  2 frilled lizards
  3 kobolds (D:1)
  5 rats
74 creatures vanquished.

Notes
Turn   | Place    | Note
-------+----------+-------------------------------------------
     0 | D:1      | wingedge the Demigod Wanderer began the quest for the Orb.
     0 | D:1      | wingedge set off with the following items: a +0 dagger, a
                  | potion of haste, a +0 robe, a scroll of teleportation; and
                  | the following spells available to memorise: Sting, Magic
                  | Dart, Passwall, Spider Form, Stone Arrow.
     0 | D:1      | Reached XP level 1. HP: 16/16 MP: 4/4
     2 | D:1      | Learned a level 1 spell: Magic Dart
     4 | D:1      | Learned a level 1 spell: Sting
   255 | D:1      | Reached XP level 2. HP: 23/23 MP: 2/5
   986 | D:1      | Reached XP level 3. HP: 28/28 MP: 7/7
  1543 | D:2      | Identified the +3 robe "Qeweb" {Str+5}
  2619 | D:3      | Reached XP level 4. HP: 35/35 MP: 1/10
  2950 | D:3      | Learned a level 3 spell: Stone Arrow
  3446 | D:4      | Reached XP level 5. HP: 40/40 MP: 1/13
  3633 | D:4      | Noticed Robin
  3660 | D:4      | HP: 2/40 [something (7)]
  3661 | D:4      | Slain by Robin

Illustrated notes

Levels and vault maps discovered:
D:1:      dpeg_arrival_round_b, layout_loops_ring, dreamdust_wishing_well,
          hex_tiny, minmay_small_reverse_x
D:2:      layout_basic
D:3:      layout_rooms, mainiacjoe_overflow_surrounded_room,
          eat_drink_and_be_merry_uskayaw, mainiacjoe_overflow_boulevard,
          hellmonk_ecumenical_altar_heavens_door
D:4:      layout_rooms, gammafunk_ghost_nasty_kobolds, uniq_ijyb, uniq_robin

Skill      XL: |  1  2  3  4 |
---------------+-------------+-----
Conjurations   | 2 3 |  3.0
Spellcasting   | 2 3 |  3.6
Fighting       | |  1.0
Armour         | |  2.6
Stealth        | |  1.0
Transmutations | |  2.6

Action                     |  1- 3 |  4- 6 || total
---------------------------+-------+-------++-------
  Melee: Dagger            |    31 |       ||    31
         Punch             |     1 |       ||     1
         Whip              |    18 |    41 ||    59
   Cast: Magic Dart        |   105 |    38 ||   143
         Sting             |     5 |     2 ||     7
         Stone Arrow       |       |     3 ||     3
    Use: Scroll            |     6 |       ||     6
   Stab: Distracted        |       |     1 ||     1
 Armour: Robe              |    15 |    17 ||    32
  Dodge: Dodged            |    52 |    28 ||    80
